 Dungeon Crawl Stone Soup version 0.31-a0-965-g8a8ce12e04 (webtiles) character file.

Game seed: 15389928003226361000

3400 lunkers the Martial Artist (level 10, -2/73 HPs)
             Began as a Meteoran Shapeshifter on Oct 26, 2023.
             Was an Initiate of Ru.
             Slain by a wyvern (3 damage)
             ... on level 9 of the Dungeon.
             The game lasted 00:11:37 (2858 turns).

lunkers the Martial Artist (Meteoran Shapeshifter)  Turns: 2858, Time: 00:11:37

Health: -2/73      AC:  1    Str: 15    XL:     10   Next: 48%
Magic:  10/10      EV: 17    Int: 11    God:    Ru [......]
Gold:   336        SH:  5    Dex: 20    Spells: 9/9 levels left

rFire   . .          .
                       - Unarmed
rCold   . . .        (no shield)
rNeg    . . .        i - +0 ring mail
rPois   .            (helmet currently unavailable)
rElec   .            (cloak currently unavailable)
rCorr   .            (gloves currently unavailable)
SInv    .            (boots currently unavailable)
Will    +....        s - amulet of reflection
Stlth   +            n - ring of flight
HPRegen 0.32/turn    x - +5 ring of evasion
MPRegen 0.12/turn

%: reflection
@: beast-form, corroded, flying, glowing
A: beast (slay +4), low MP 1, sense surroundings 2, otherworldly, glowing,
explore regen
a: Begin Untransformation, Renounce Religion


You were on level 9 of the Dungeon.
You worshipped Ru.
Ru was noncommittal.
You were a hulking beast.
You visited 2 branches of the dungeon, and saw 10 of its levels.

You collected 336 gold pieces.

Inventory:

Armour
 a - a +0 animal skin
 i - a +0 ring mail (worn)
 z - +0 steam dragon scales
 B - a +1 pair of gloves
Jewellery
 n - a ring of flight (left hand)
 s - an amulet of reflection (around neck)
 x - a +5 ring of evasion (right hand)
 y - an amulet of the acrobat
Talismans
 c - a beast talisman
 d - a flux talisman
Wands
 l - a wand of light (2)
 r - a wand of charming (15)
 E - a wand of roots (8)
Scrolls
 e - a scroll of silence
 f - 5 scrolls of identify
 g - a scroll of noise
 h - a scroll of immolation {unknown}
 k - 4 scrolls of fear
 m - 3 scrolls of teleportation {unknown}
 o - 3 scrolls of fog {unknown}
 p - a scroll of brand weapon {unknown}
 u - a scroll of blinking {unknown}
 C - a scroll of enchant armour {unknown}
Potions
 b - a potion of experience {unknown}
 j - a potion of invisibility {unknown}
 q - 2 potions of haste
 t - a potion of brilliance {unknown}
 v - a potion of magic {unknown}
 w - a potion of heal wounds {unknown}
 A - a potion of attraction {unknown}
 D - a potion of lignification
 F - 2 potions of curing {unknown}
 G - 2 potions of degeneration {unknown}


   Skills:
 + Level 2.0 Fighting
 + Level 2.8 Dodging
 * Level 13.6 Unarmed Combat
 + Level 9.5 Shapeshifting


You had 9 spell levels left.
You didn't know any spells.
Your spell library contained the following spells:

 Spells                   Type           Power      Damage    Failure   Level
 Hailstorm                Conj/Ice       0%         3d3       91%         3
 Plasma Beam              Fire/Air       0%         2x1d10    100%        6
 Fire Storm               Conj/Fire      0%         5d1       100%        9


Dungeon Overview and Level Annotations

Branches:
Dungeon (9/15) Zot: 2617   Temple (1/1) D:4 Zot: 577    Lair (0/5) D:9
    Orc: D:9-12

Altars:
Ashenzari
Cheibriados
Dithmenos
Elyvilon
Fedhas
Gozag
Hepliaklqana
Kikubaaqudgha
Makhleb
Nemelex Xobeh
Okawaru
Ru
Sif Muna
Trog
Uskayaw
Vehumet
Wu Jian
Xom
Yredelemnul
The Shining One

Shops:
D:8 :

Annotations:
D:5 1 runed translucent door, peacegoldenking's ghost, novice DsEE


Innate Abilities, Weirdness & Mutations

You are a hulking beast.
Your limbs bulge with bestial killing power. (Slay +4)
Your magical capacity is low. (-10% MP)
You passively map the area around you.
You are easily found by Zot.
You glow in the dark.
You regain HP and MP as you explore.


Message History

You see here an orange potion.
j - an orange potion The wyvern hisses angrily.
Something hits you!
Deactivating autopickup; reactivate with Ctrl-A.
You completely miss the acid dragon. Something hits you!
You punch the acid dragon!
The acid dragon is moderately wounded.
Something hits you. The acid dragon barely misses you.
The acid dragon closely misses you.
You punch the acid dragon!
The acid dragon is severely wounded.
Something hits you. The wyvern barely misses you.
The acid dragon spits acid at you. The splash of acid hits you!!
* * * LOW HITPOINT WARNING * * *
The acid corrodes you!
A yak comes into view.
You hear a bellow! x3; You hear an angry hiss.
You hear a bellow!
You barely miss the acid dragon. You punch the acid dragon.
The acid dragon is almost dead.
Something hits you!
* * * LOW HITPOINT WARNING * * *
You block the wyvern's attack. Something barely misses you.
The wyvern bites you!
* * * LOW HITPOINT WARNING * * *
Unknown command.
You closely miss the acid dragon. Your punch misses the acid dragon.
The acid dragon is almost dead.
Something hits you.
* * * LOW HITPOINT WARNING * * *
The acid dragon bites you.
* * * LOW HITPOINT WARNING * * *
The acid dragon closely misses you. The wyvern closely misses you.
You hit the acid dragon.
The acid dragon is almost dead.
Something hits you.
* * * LOW HITPOINT WARNING * * *
The acid dragon closely misses you. x2; The wyvern bites you.
You die...

* * , >, ...#######.....
,, ,, *
,...........♣..., , , *,
,............Y.. ,,,
#.............., , P , ,
............., ,P ** ,
#.......?... , ,, . *,
.. ,+...Dl...... , , ,,.
....#...h....... , . ,,
,................ , .
*#...#.#........######+#
# , ,+. +
#........#......### * **
#........#........# **
*#.................# ,,
, #.................. ,,
*#...............##. ,
#...............##.


You could see a yak, a wyvern and an acid dragon.

Vanquished Creatures
  A two-headed ogre (D:9)
  Joseph (D:7)
  Jeremiah (D:7)
  2 wyverns (D:9)
  A steam dragon (D:6)
  A water moccasin (D:7)
  A sky beast (D:7)
  An orc warrior (D:8)
  A black bear (D:7)
  An ice beast (D:7)
  An ogre (D:6)
  A centaur (D:6)
  2 kobold brigands (D:7)
  2 bullfrogs
  A scorpion (D:9)
  4 killer bees (D:8)
  2 howler monkeys
  5 orc priests
  A sleepcap (D:5)
  Ijyb (D:5)
  3 iguanas
  2 orc wizards
  Robin (D:2)
  8 gnolls
  9 adders
  A shadow imp (D:7)
  2 ufetubi (D:7)
  2 worms (D:3)
  A dart slug (D:5)
  15 orcs
  3 ball pythons
  3 bats
  5 endoplasms
  A giant cockroach (D:1)
  12 goblins
  6 hobgoblins
  7 kobolds
  3 quokkas
  3 rats
118 creatures vanquished.

Notes
Turn   | Place    | Note
-------+----------+-------------------------------------------
     0 | D:1      | lunkers the Meteoran Shapeshifter began the quest for the
                  | Orb.
     0 | D:1      | Reached XP level 1. HP: 16/16 MP: 2/2
    81 | D:1      | Reached XP level 2. HP: 23/23 MP: 3/3
   113 | D:1      | Reached skill level 4 in Unarmed Combat
   495 | D:2      | Reached XP level 3. HP: 28/28 MP: 4/4
   495 | D:2      | Noticed Robin
   538 | D:2      | Killed Robin
   539 | D:2      | Reached XP level 4. HP: 17/35 MP: 5/5
   545 | D:2      | Reached skill level 5 in Unarmed Combat
   613 | D:2      | You fall into a shaft and drop 1 floor!
   640 | D:3      | Found a shadowy altar of Dithmenos.
   678 | D:3      | Found a radiant altar of Vehumet.
   887 | D:3      | Reached XP level 5. HP: 37/40 MP: 6/6
   899 | D:3      | Found an ancient bone altar of Kikubaaqudgha.
   957 | D:3      | Found a glowing golden altar of the Shining One.
  1003 | D:3      | Found a basalt altar of Yredelemnul.
  1120 | D:4      | Reached skill level 6 in Unarmed Combat
  1171 | D:4      | Reached skill level 5 in Shapeshifting
  1171 | D:4      | Reached XP level 6. HP: 21/47 MP: 7/7
  1195 | D:4      | Found a snail-covered altar of Cheibriados.
  1251 | D:4      | Found a staircase to the Ecumenical Temple.
  1262 | Temple   | Entered the Ecumenical Temple
  1274 | Temple   | Became a worshipper of Ru the Awakened
  1405 | D:5      | Entered Level 5 of the Dungeon
  1518 | D:5      | Reached skill level 7 in Unarmed Combat
  1545 | D:5      | Noticed Ijyb
  1560 | D:5      | Killed Ijyb
  1561 | D:5      | Reached XP level 7. HP: 51/52 MP: 8/8
  1681 | D:5      | Found a runed translucent door.
  1682 | D:5      | Noticed peacegoldenking's ghost (novice DsEE)
  1748 | D:6      | Reached skill level 8 in Unarmed Combat
  1780 | D:6      | Noticed a steam dragon
  1789 | D:6      | Killed a steam dragon
  1790 | D:6      | Reached XP level 8. HP: 14/59 MP: 9/9
  1937 | D:6      | Gained mutation: Your magical capacity is low. (-10% MP)
                  | [Ru sacrifice]
  1959 | D:7      | Identified the of Caom
  2002 | D:7      | Reached skill level 9 in Unarmed Combat
  2099 | D:7      | Found an opulent altar of Gozag.
  2197 | D:7      | Reached skill level 10 in Unarmed Combat
  2250 | D:7      | Noticed Jeremiah
  2250 | D:7      | Noticed Joseph
  2257 | D:7      | Killed Joseph
  2258 | D:7      | Gained mutation: You passively map the area around you.
                  | [Meteoran growth]
  2258 | D:7      | Reached XP level 9. HP: 30/64 MP: 9/9
  2264 | D:7      | Killed Jeremiah
  2265 | D:7      | Reached skill level 11 in Unarmed Combat
  2543 | D:8      | Found Tourhet's Book Emporium.
  2546 | D:8      | Reached skill level 12 in Unarmed Combat
  2590 | D:8      | Reached XP level 10. HP: 57/71 MP: 10/10
  2722 | D:9      | Noticed a two-headed ogre
  2740 | D:9      | Killed a two-headed ogre
  2741 | D:9      | Reached skill level 13 in Unarmed Combat
  2857 | D:9      | HP: 1/73 [acid dragon (3)]
  2858 | D:9      | Slain by a wyvern

Illustrated notes

Levels and vault maps discovered:
D:1:      giann_horns, layout_loops_ring, serial_park_tiny_1
D:2:      layout_rooms, uniq_robin
D:3:      layout_basic, amcnicky_altar_gilded, mainiacjoe_overflow_24_doors,
          mainiacjoe_overflow_brackets, kiku_gazebo_garden_becter,
          nicolae_dithmenos_shadow_blocks
D:4:      layout_rooms, mainiacjoe_overflow_tiny_flanked,
          minmay_temple_entry_statues_pillars
D:5:      layout_rooms, gammafunk_ghost_grave, uniq_crazy_yiuf_cottage,
          uniq_eustachio, uniq_ijyb
D:6:      layout_basic, nrook_campfire
D:7:      layout_layer_cave, nicolae_gozag_seed_capital, uniq_jeremiah,
          uniq_joseph
D:8:      layout_loops_ring, zin_scriptorium, serial_shops, shop
D:9:      minmay_shrinking_squares, layout_basic,
          nicolae_qazlal_scattered_showers, minmay_lair_entry_grove
Temple:   nicolae_temple_god_jail

Skill      XL: |  1  2  3  4  5  6  7  8  9 10 |
---------------+-------------------------------+-----
Unarmed Combat | 4 5 6 7 8 10 12 13 | 13.6
Shapeshifting  | 4 5 6 7 8 9 |  9.5
Fighting       | 2 |  2.0
Dodging        | |  2.8

Action                     |  1- 3 |  4- 6 |  7- 9 | 10-12 || total
---------------------------+-------+-------+-------+-------++-------
  Melee: Unarmed           |    67 |   124 |   115 |    42 ||   348
         Punch             |       |     5 |     7 |     2 ||    14
 Invoke: Sacrifice Essence |       |       |     1 |       ||     1
  Evoke: Wand              |       |       |    14 |       ||    14
    Use: Potion            |       |     1 |     1 |       ||     2
         Scroll            |       |       |     6 |       ||     6
   Stab: Invisible         |       |       |     1 |     1 ||     2
 Armour: Animal skin       |    13 |       |       |       ||    13
         Ring mail         |    20 |    56 |    54 |    24 ||   154
         Skin              |       |    27 |    22 |       ||    49
  Dodge: Dodged            |    40 |    38 |    70 |    24 ||   172
  Block: Other             |       |     4 |    37 |     2 ||    43
         Reflection        |       |     2 |     5 |       ||     7

Table legend: (Time is in decaauts)
 A = Elapsed time spent in this place.
 B = Non-inter-level travel time spent in this place.
 C = Inter-level travel time spent in this place.
 D = Time resting spent in this place.
 E = Time spent auto-exploring this place.
 F = Levels seen in this place.
 G = Mean time per level.
                   A        B        C        D        E       F      G
               +--------+--------+--------+--------+--------+-----+--------+
         Total |   2804 |   2770 |     34 |     20 |   1757 |  10 |  280.4 |
       Dungeon |   2781 |   2747 |     34 |     20 |   1757 |   9 |  309.0 |
        Temple |     22 |     22 |      0 |      0 |      0 |   1 |   22.0 |
               +--------+--------+--------+--------+--------+-----+--------+

Top non-repeatable levels by time:
     D:7: 543 daAuts
     D:1: 474 daAuts
     D:3: 429 daAuts
     D:4: 330 daAuts
     D:5: 301 daAuts
     D:6: 243 daAuts
     D:8: 198 daAuts
     D:2: 131 daAuts
     D:9: 129 daAuts
  Temple: 22 daAuts
